AoeStats
← waLLefps.

Arabia

507706150Analyzed
4v4 RM · 12d ago on Sep 19, 2026· 25m 55s· 8 players
Game mode
Random Map
Map size
Large (8 player)
Population
200
Speed
Normal
Resources
Standard
Victory
Conquest
Starting age
Dark Age
Ending age
Imperial Age
RankedLock teamsTeams togetherTeam positionsShared explorationLock speedFull tech treeHidden civsTurbo modeCheats
Victory
Defeat
🇫🇷 Wei · France
1498
+10
🇹🇷 Shu · Türkiye
1450
+12
🇹🇷 Persians · Türkiye
1433
+13
🇹🇷 Ethiopians · Türkiye
1412
+14
🇨🇳 Vikings · China
1417
-15
🇨🇳 Maya · China
1356
-12
🇨🇳 Magyars · China
1340
-11
🇮🇳 Berbers · India
1338
-11
klostrofobikköstebek
7:00 Loom
9:20 Feudal Age
14:55 Scale Barding Armor
26:23 Castle Age
25:08 Forging
25:28 Bloodlines
25:15 Horse Collar
25:21 Double-Bit Axe
26:10 Gold Mining
dehinker
10:04 Feudal Age
11:24 Loom
14:09 Castle Age
12:42 Horse Collar
12:49 Double-Bit Axe
18:17 Town Watch
TATAKAE
6:15 Loom
8:58 Feudal Age
9:33 Double-Bit Axe
9:57 Horse Collar
15:11 Wheelbarrow
18:45 Scale Mail Armor
20:48 Castle Age
19:15 Forging
20:00 Bloodlines
20:48 Scale Barding Armor
20:46 Gold Mining
21:51 Chain Barding Armor
21:02 Light Cavalry
22:30 Bow Saw
24:24 Heavy Plow
25:08 Husbandry
waLLefps.
8:12 Loom
10:23 Feudal Age
11:11 Double-Bit Axe
16:40 Fletching
17:51 Padded Archer Armor
23:56 Castle Age
22:25 Horse Collar
24:14 Crossbowman
24:50 Bodkin Arrow
25:34 Bow Saw
26:40 Ballistics
_HerculePoirot_
9:21 Feudal Age
9:55 Loom
10:02 Double-Bit Axe
14:05 Horse Collar
15:43 Forging
17:15 Scale Barding Armor
17:01 Town Watch
20:37 Bloodlines
25:50 Castle Age
Himekaido_LiSA
7:23 Loom
9:38 Feudal Age
10:45 Double-Bit Axe
13:17 Fletching
国际悍匪Arosy
6:00 Loom
9:09 Feudal Age
9:48 Double-Bit Axe
10:04 Horse Collar
11:01 Town Watch
11:06 Town Watch
15:29 Scale Barding Armor
20:30 Bloodlines
23:28 Castle Age
24:31 Chain Barding Armor
24:24 Bow Saw
24:55 Husbandry
25:36 Wheelbarrow
西巴老嘛
0:29 Loom
9:26 Feudal Age
14:33 Fletching
23:20 Castle Age
24:43 Crossbowman
Connection lost

Rejoining the realm…

Still unreachable

The connection could not be restored.

Session expired

The server has moved on; the page needs a fresh start.